 Dungeon Crawl Stone Soup version 0.17.1-2-g5865329 (webtiles) character file.

46 Moresty the Ducker (level 3, -7/36 HPs)
             Began as a Troll Fighter on Jan 14, 2016.
             Mangled by Crazy Yiuf
             ... wielding a +4 quarterstaff of chaos
              (10 damage)
             ... on level 2 of the Dungeon.
             The game lasted 00:03:04 (1502 turns).

Moresty the Ducker (Troll Fighter)                  Turns: 1502, Time: 00:03:04

Health: -7/36      AC:  5    Str: 25    XL:     3   Next: 44%
Magic:  2/2        EV:  8    Int:  4    God:
Gold:   55         SH:  8    Dex:  9    Spells: 0 memorised, 2 levels left

rFire  . . .     SeeInvis .       - Unarmed
rCold  . . .     Clarity  .     q - +0 robe
rNeg   . . .     SustAt   .     b - +0 shield
rPois  .         Gourm    +     (helmet restricted)
rElec  .         Spirit   .     (no cloak)
rCorr  .         Warding  .     (gloves unavailable)
rMut   .         Stasis   .     (boots unavailable)
MR     +....                    (no amulet)
Stlth  +.........               (no ring)
                                o - ring of protection from magic

@: slowed, drained, very slow, somewhat resistant to hostile enchantments, very
unstealthy
A: unfitting armour, claws 3, fast metabolism 3, gourmand, regeneration 2,
shaggy fur 1, tough skin 2
a: no special abilities


You were on level 2 of the Dungeon.
You were completely stuffed.

You visited 1 branch of the dungeon, and saw 2 of its levels.

You collected 55 gold pieces.

Inventory:

Hand Weapons
 l - a +0 club
Armour
 a - a +0 robe
 b - a +0 shield (worn)
 q - a +0 robe (worn)
Jewellery
 o - a ring of protection from magic (left claw)
Scrolls
 e - 3 scrolls of identify {unknown}
 f - 3 scrolls of magic mapping {unknown}
 h - a scroll of fear {unknown}
 i - a scroll of blinking {unknown}
Potions
 c - a potion of might
 g - a potion of heal wounds {unknown}
 j - 2 potions of haste {unknown}
 k - a potion of invisibility {unknown}
Comestibles
 d - 3 bread rations
 n - a meat ration
 p - 7 chunks of flesh


   Skills:
 + Level 2.8(2.6) Fighting
 + Level 2.8(2.6) Dodging
 + Level 0.3(0.0) Stealth
 + Level 2.8(2.6) Shields
 + Level 2.1(1.9) Unarmed Combat


You had 2 spell levels left.
You didn't know any spells.

Dungeon Overview and Level Annotations

Branches:
Dungeon (2/15)

Altars:
Nemelex Xobeh

Annotations:
D:2 Crazy Yiuf


Innate Abilities, Weirdness & Mutations

You are too large for most types of armour.
You have claws for hands.
Your metabolism is lightning-fast.
You like to eat raw meat.
You heal very quickly.
You are covered in fur (AC +1).
You have very tough skin (AC +2).


Message History

You feel better. You block Crazy Yiuf's attack.
You barely miss Crazy Yiuf.
Crazy Yiuf is almost dead.
You block Crazy Yiuf's attack.
You completely miss Crazy Yiuf.
Crazy Yiuf is almost dead.
You block Crazy Yiuf's attack.
You closely miss Crazy Yiuf.
Crazy Yiuf is almost dead.
Crazy Yiuf hits you with a quarterstaff of chaos!
* * * LOW HITPOINT WARNING * * *
Crazy Yiuf freezes you.
* * * LOW HITPOINT WARNING * * *
You closely miss Crazy Yiuf.
Crazy Yiuf is almost dead.
Crazy Yiuf hits you but does no damage.
You feel yourself slow down.
Your shield prevents you from hitting Crazy Yiuf.
Crazy Yiuf is almost dead.
Crazy Yiuf hits you with a quarterstaff of chaos!
You die...

....##.#.#.###))))####..#>#....#
....##.#.#.# #))))# #..#_#.#.##
######.#.#.# #))))# #..###.#.#
#####......# #.))## #......#.#
....'......# ##.## #.#.#..#.#
#####...(..# #.## #.#...##.#
....'......# ##.# ###.####.#
#####......# #.## #.# #.#
...#.......# ##@# #.# #.#
...........# #g# #.# #.#
...........# ... #.# #.#
...........# #...# #.#
...........# #..)# #.#
...........# ##### #.#
...........# #.# <.......####
#.# ........# #.#


You could see Crazy Yiuf.

Vanquished Creatures
  An adder (D:2)
  2 worms (D:2)
  A giant cockroach (D:1)
  4 hobgoblins
  A quokka (D:2)
  5 bats
  2 giant newts (D:1)
  3 goblins
  8 jackals (D:2)
  4 rats
31 creatures vanquished.

Notes
Turn   | Place    | Note
--------------------------------------------------------------
     0 | D:1      | Moresty the Troll Fighter began the quest for the Orb.
     0 | D:1      | Reached XP level 1. HP: 22/22 MP: 0/0
   814 | D:1      | Reached XP level 2. HP: 29/29 MP: 1/1
  1047 | D:2      | Reached XP level 3. HP: 23/36 MP: 2/2
  1186 | D:2      | Found a sparkling altar of Nemelex Xobeh.
  1484 | D:2      | Noticed Crazy Yiuf
  1502 | D:2      | Mangled by Crazy Yiuf

Action                   || total
-------------------------++-------
Melee: Unarmed           ||   102
  Use: Potion            ||     1
  Eat: Chunk             ||    19
